 Dungeon Crawl Stone Soup version 0.20.1-1-g8b1a95d66d (webtiles) character file.

924 Jynx the Purveyor of Pain (level 7, -1/46 HPs)
             Began as a Vampire Necromancer on Dec 22, 2017.
             Was an Initiate of Kikubaaqudgha.
             Succumbed to an orc wizard's poison
             ... on level 5 of the Dungeon.
             The game lasted 00:11:06 (7577 turns).

Jynx the Purveyor of Pain (Vampire Necromancer)     Turns: 7577, Time: 00:11:07

Health: -1/46      AC:  2    Str:  7    XL:     7   Next: 84%
Magic:  10/13      EV: 12    Int: 20    God:    Kikubaaqudgha [......]
Gold:   223        SH:  0    Dex: 14    Spells: 5/14 levels left

rFire    . . .     SeeInvis +   h - +0 dagger
rCold    . . .     Gourm    .   (no shield)
rNeg     + . .     Faith    .   a - +0 robe
rPois    .         Spirit   .   (no helmet)
rElec    .         Reflect  .   (no cloak)
rCorr    .         Harm     .   (no gloves)
MR       .....                  (no boots)
Stlth    +++.......             (no amulet)
Regen    0.2/turn               (no ring)
MPRegen  0.2/turn               (no ring)

@: lethally poisoned (-1 -> -31)
A: fangs 3, see invisible, unbreathing
a: Bat Form, Renounce Religion


You were on level 5 of the Dungeon.
You worshipped Kikubaaqudgha.
Kikubaaqudgha was noncommittal.
You were not thirsty.

You visited 2 branches of the dungeon, and saw 6 of its levels.

You collected 223 gold pieces.

Inventory:

Hand Weapons
 h - a +0 dagger (weapon)
Armour
 a - a +0 robe (worn)
Wands
 p - a wand of digging (16/24)
 u - a wand of polymorph (4/24)
 v - a wand of flame (18/48)
Scrolls
 c - a scroll of immolation {unknown}
 d - 6 scrolls of teleportation {unknown}
 i - 4 scrolls of identify {unknown}
 k - 2 scrolls of recharging {unknown}
 l - 2 scrolls of magic mapping {unknown}
 m - 2 scrolls of remove curse
 q - a scroll of fog {unknown}
Potions
 e - a potion of brilliance {unknown}
 f - a potion of might {unknown}
 g - 9 potions of curing
 j - 2 potions of magic {unknown}
 n - a potion of mutation {unknown}
 o - a potion of cancellation {unknown}
 r - a potion of agility
 s - a potion of degeneration {unknown}
 t - a potion of haste {unknown}
Books
 b - a book of Necromancy

   Spells                             Type                      Level
   a - Pain                           Necromancy                   1
   b - Animate Skeleton               Necromancy                   1
   c - Vampiric Draining              Necromancy                   3
   d - Regeneration                   Charms/Necromancy            3
   e - Animate Dead                   Necromancy                   4
   f - Control Undead                 Necromancy                   4


   Skills:
 + Level 4.0 Short Blades
 - Level 2.1 Dodging
 + Level 7.1 Stealth
 + Level 4.1 Spellcasting
 * Level 7.6 Necromancy


You had 5 spell levels left.
You knew the following spells:

 Your Spells              Type           Power        Failure   Level  Hunger
a - Pain                  Necr           ####         1%          1    None
b - Vampiric Draining     Necr           ####......   1%          3    ###....
c - Animate Skeleton      Necr           N/A          1%          1    None
d - Animate Dead          Necr           N/A          5%          4    ####...


Dungeon Overview and Level Annotations

Branches:
Dungeon (5/15)             Temple (1/1) D:4

Altars:
Ashenzari
Cheibriados
Dithmenos
Elyvilon
Fedhas
Gozag
Hepliaklqana
Kikubaaqudgha
Makhleb
Nemelex Xobeh
Okawaru
Qazlal
Ru
Sif Muna
Trog
Uskayaw
Vehumet
Xom
Yredelemnul
Zin
The Shining One


Innate Abilities, Weirdness & Mutations

You have razor-sharp teeth.
You have supernaturally acute eyesight. (SInv)
You can survive without breathing.


Message History

You are lethally poisoned!
You hit the orc wizard.
The orc wizard is almost dead.
* * * LOW HITPOINT WARNING * * *
You feel sick.
The orc wizard hits you with a dagger of venom.
* * * LOW HITPOINT WARNING * * *
You are more poisoned.
Casting: Pain
Confirm with . or Enter, or press ? or * to list all spells.
Aiming: Pain
Press: ? - help, Shift-Dir - straight line, f/p - orc wizard
Aim: an orc wizard, wielding a dagger of venom and wearing a robe (almost dead, slightly transparent, chance to defeat MR: 84%)
The orc wizard writhes in agony!
You kill the orc wizard!
Kikubaaqudgha accepts your kill.
* * * LOW HITPOINT WARNING * * *
You feel very sick.
You die...
Kikubaaqudgha rasps: "You have failed me!
Welcome... oblivion!"

#.##.................
#.##.................
#.##.######.....)...# #.##.#
#...####### #.##)#
#.[.##....> # #.##.#
#...##.#### #.###.##.###
#...##.#### #..........#
#.......o.#
.o..........@..####...#.o##.#
.o..####..###.......##.#o##.#
... #..#......##.#.##o.... .
#..#.#%.#.............
#.)#.#..####.#.###....
#.......####.##.#..###
#.##.#.............# #
#.#.######.####.### #...# #.#
#....


There were no monsters in sight!

Vanquished Creatures
  Sigmund (D:3)
  Edmund (D:4)
  Duvessa (D:5)
  An ice beast (D:5)
  Dowan (D:5)
  A howler monkey (D:4)
  An orc priest (D:5)
  An iguana (D:5)
  Jessica (D:3)
  Terence (D:3)
  3 orc wizards
  A worker ant (D:4)
  5 adders
  A shadow imp (D:5)
  2 oozes
  An adder skeleton (D:5)
  3 worms
  3 dart slugs
  3 leopard geckos
  8 orcs
  6 bats
  4 giant cockroaches
  8 goblins
  5 hobgoblins
  11 jackals
  4 kobolds
  2 quokkas
  2 ball pythons
  4 frilled lizards
  9 rats
95 creatures vanquished.

Vanquished Creatures (collateral kills)
  A ball python (D:4)
1 creature vanquished.

Grand Total: 96 creatures vanquished

Notes
Turn   | Place    | Note
-------+----------+-------------------------------------------
     0 | D:1      | Jynx the Vampire Necromancer began the quest for the Orb.
     0 | D:1      | Reached XP level 1. HP: 13/13 MP: 3/3
   246 | D:1      | Reached XP level 2. HP: 19/19 MP: 3/5
   935 | D:1      | Reached XP level 3. HP: 24/24 MP: 4/6
  1232 | D:2      | Learned a level 3 spell: Vampiric Draining
  1397 | D:2      | Reached skill level 5 in Necromancy
  1788 | D:3      | Noticed Terence
  1789 | D:3      | Noticed Sigmund
  1798 | D:3      | Killed Terence
  1798 | D:3      | Reached skill level 1 in Short Blades
  1798 | D:3      | Reached XP level 4. HP: 14/30 MP: 3/8
  2086 | D:3      | Killed Sigmund
  2086 | D:3      | Reached skill level 5 in Stealth
  2086 | D:3      | Reached XP level 5. HP: 22/35 MP: 3/9
  2225 | D:3      | Noticed Jessica
  2229 | D:3      | Killed Jessica
  2297 | D:3      | Reached XP level 6. HP: 41/41 MP: 10/10
  3376 | D:4      | Noticed Edmund
  3393 | D:4      | Killed Edmund
  3815 | D:4      | Found a staircase to the Ecumenical Temple.
  3824 | Temple   | Entered the Ecumenical Temple
  3961 | Temple   | Became a worshipper of Kikubaaqudgha
  3964 | Temple   | Learned a level 1 spell: Animate Skeleton
  3969 | Temple   | Learned a level 4 spell: Animate Dead
  4225 | D:4      | Reached XP level 7. HP: 46/46 MP: 12/12
  4243 | D:4      | Found a shimmering altar of Xom.
  4279 | D:4      | Paralysed by a crimson imp for 2 turns
  4286 | D:4      | HP: 2/46 [crimson imp (1)]
  5249 | D:5      | Entered Level 5 of the Dungeon
  6122 | D:5      | Noticed Duvessa
  6592 | D:5      | Noticed Dowan
  6600 | D:5      | Killed Dowan
  6659 | D:5      | Killed Duvessa
  7206 | D:5      | Found a sacrificial altar of Ru.
  7576 | D:5      | HP: 1/46 [poisoned by an orc wizard]
  7577 | D:5      | Succumbed to an orc wizard's poison

Skill      XL: |  1  2  3  4  5  6  7 |
---------------+----------------------+-----
Necromancy     | 5 6 7 |  7.6
Short Blades   | 1 2 3 4 |  4.0
Stealth        | 4 5 6 7 |  7.1
Spellcasting   | 3 4 |  4.1
Dodging        | |  2.1

Action                   |  1- 3 |  4- 6 |  7- 9 || total
-------------------------+-------+-------+-------++-------
Melee: Dagger            |    46 |    34 |    74 ||   154
       Unarmed           |     1 |       |       ||     1
       Bite              |     4 |     1 |     4 ||     9
 Cast: Pain              |    45 |    74 |    48 ||   167
       Animate Dead      |       |     1 |       ||     1
       Vampiric Draining |       |       |     1 ||     1
 Abil: End Transformatio |       |     1 |     2 ||     3
       Bat Form          |       |     1 |     2 ||     3
  Use: Scroll            |     1 |       |       ||     1
       Potion            |       |       |     1 ||     1
 Stab: Sleeping          |     6 |    10 |     5 ||    21
       Distracted        |       |       |     1 ||     1
  Eat: Corpse            |     4 |     5 |     7 ||    16
Armor: Robe              |    16 |     6 |    12 ||    34
Dodge: Dodged            |    28 |    21 |    50 ||    99
